 Dungeon Crawl Stone Soup version 0.14-a0-2340-g8df0fbc (webtiles) character file.

64919 Honkfish the Executioner (level 14, 0/129 HPs)
             Began as a Minotaur Berserker on Jan 30, 2014.
             Was a High Priest of Trog.
             Slain by a kobold (1 damage)
             ... on Level 16 of the Dungeon.
             The game lasted 00:57:28 (26133 turns).

Honkfish the Executioner (Minotaur Berserker)      Turns: 26133, Time: 00:57:29

HP   0/129       AC 13     Str 30      XL: 14   Next: 68%
MP   6/6         EV 10     Int  4      God: Trog [*****.]
Gold 1296        SH  0     Dex 14      Spells:  0 memorised, 13 levels left

rFire  + + .     SeeInvis .     g - +5,+9 battleaxe of Gedeisuak {drain, Contam rF++, ALL OR NOTHING}
rCold  + + .     Clarity  .     z - +1 ring mail "Wuuv" {rC++ Acc+6 Stlth++}
rNeg   . . .     Conserve .     (no shield)
rPois  +         rCorr    +     F - +2 hat
rElec  .         rRot     .     u - +0 dwarf cloak
SustAb . .       Spirit   .     O - +2 pair of gloves {Dex+3}
rMut   .         Warding  .     H - +0 pair of elf boots
Saprov . . .     Stasis   .     D - amulet of resist corrosion
MR     ++...                    C - +4 ring of strength
                                o - ring of poison resistance

@: regenerating, very resistant to hostile enchantments, stealthy
A: retaliatory headbutt, horns 2
a: Burn Spellbooks, Berserk, Trog's Hand, Brothers in Arms, Renounce Religion


You were on level 16 of the Dungeon.
You worshipped Trog.
Trog was extremely pleased with you.
You were completely stuffed.

You visited 2 branches of the dungeon, and saw 24 of its levels.

You collected 1392 gold pieces.
You spent 96 gold pieces at shops.

Inventory:

Hand weapons
 g - the +5,+9 battleaxe of Gedeisuak (weapon) {drain, Contam rF++, ALL OR NOTHING}
   (Trog gifted it to you on level 3 of the Lair of Beasts)

   A truly terrible weapon, it drains the life of those it strikes.
   It greatly protects you from fire.
   It causes magical contamination when unequipped.
 p - a +5,+7 war axe of draining
Armour
 u - a +0 dwarven cloak (worn)
 y - a +5 steam dragon armour
 z - the +1 ring mail "Wuuv" (worn) {rC++ Acc+6 Stlth++}
   (You found it on level 14 of the Dungeon)

   It affects your accuracy with ranged weapons and melee attacks (+6).
   It greatly protects you from cold.
   It makes you much more stealthy.
 F - a +2 hat (worn)
 H - a +0 pair of elven boots (worn)
 O - a +2 pair of gloves of dexterity (worn)
Magical devices
 d - a wand of disintegration (12)
 r - a wand of lightning (4)
Comestibles
 l - 4 meat rations
 A - 3 bread rations
Scrolls
 b - 4 scrolls of magic mapping
 f - 2 scrolls of fear
 k - 4 scrolls of recharging
 t - 3 scrolls of blinking
 v - 8 scrolls of teleportation
 B - 3 scrolls of fog
 L - 2 scrolls of identify
 N - 10 scrolls of remove curse
 T - a scroll of enchant weapon II
Jewellery
 e - a +6 ring of protection
 h - an uncursed amulet of warding
 n - an uncursed ring of sustain abilities
 o - a ring of poison resistance (left hand)
 C - a +4 ring of strength (right hand)
 D - an amulet of resist corrosion (around neck)
 I - an uncursed amulet of stasis
Potions
 j - 4 potions of agility
 m - a potion of curing
 q - a potion of berserk rage
 s - 3 potions of resistance
 E - a potion of speed
 G - a potion of porridge
 J - 4 potions of invisibility
 K - a potion of restore abilities
 M - a potion of might
 R - 4 potions of heal wounds


   Skills:
 - Level 13.2 Fighting
 * Level 24.8 Axes
 - Level 2.4 Armour
 - Level 2.1 Dodging
 - Level 1.0 Stealth
 - Level 0.8 Evocations


You had 13 spell levels left.
You didn't know any spells.

Dungeon Overview and Level Annotations

Branches:
Dungeon (16/16)            Temple (0/1) D:4             Orc (0/4) D:11
   Lair (8/8) D:10          Swamp (0/5) Lair:3       Spider (0/5) Lair:5
  Slime (0/6) Lair:7       Vaults (0/5) D:14
 Depths: D:16

Altars:
Cheibriados
Kikubaaqudgha
Okawaru
Vehumet
Xom
Jiyva

Shops:
D:4 /   D:7 *   D:13 }   D:15 (

Annotations:
D:6 exclusion: statue
Lair:3 exclusions: 3 blink frogs and oklob plant
Lair:4 exclusion: 2 hydras
Lair:5 1 exclusion


Innate Abilities, Weirdness & Mutations

You reflexively headbutt those who attack you in melee.
You have a pair of horns on your head.


Message History

2 ugly things and a kobold come into view.
The kobold shouts!
The centaur warrior shoots an arrow.
The arrow hits you!
The centaur warrior shoots an arrow.
The arrow hits you!
A big kobold comes into view. It is wielding a whip.
You see here 2 arrows.
A griffon and an ugly thing come into view.
The kobold shouts!
The brown ugly thing gurgles horribly!
The brown ugly thing basks in the mutagenic energy from its kin and changes!
The centaur warrior shoots an arrow.
The arrow hits you!
* * * LOW HITPOINT WARNING * * *
You see here an arrow.
A brown ugly thing comes into view.
The centaur warrior shoots an arrow.
The arrow hits you!
* * * LOW HITPOINT WARNING * * *
The kobold throws a dart.
The dart hits you!
The kobold throws a dart.
The dart hits you!
* * * LOW HITPOINT WARNING * * *
The kobold hits you.
You die...

.......... ...
........... .
...............
u.######... ..........
#.Hu.....?.# #......
#.u........# #....##
#..u....c..# #....##
##..........# #..).##
..K.....@...# #....##
.K.....K(...# #......
.KK.....(...# #......
####.....(..#######....##
#......(............#
#...................#
########...######...#
#...######...#
#............#


You could see a griffon, a centaur warrior, 4 ugly things, a big kobold and 4
kobolds.

Vanquished Creatures
  Maud (D:15)
  A rakshasa (D:16)
  5 centaur warriors
  2 skeletal warriors (D:13)
  A catoblepas (Lair:4)
  3 unseen horrors
  8 hill giants
  Erolcha (D:8)
  3 cyclopes
  A necromancer (D:14)
  2 griffons
  2 spriggan druids (Lair:8)
  6 elephants (Lair:8)
  2 black mambas
  2 guardian serpents (D:15)
  A centaur zombie (D:14)
  Psyche (D:10)
  7 komodo dragons
  3 fire drakes
  5 trolls
  12 spriggans
  7 giant fireflies (Lair:8)
  9 spiny frogs
  A polar bear (Lair:8)
  4 two-headed ogres
  2 hydra zombies (D:14)
  A hydra skeleton (D:14)
  A red wasp zombie (D:15)
  An elf (shapeshifter) (D:16)
  13 blink frogs
  2 basilisks
  A shadow (D:15)
  A vampire (D:14)
  3 grizzly bears (Lair:8)
  8 slime creatures
  3 sharks (Lair:6)
  Eustachio (D:4)
  A hill giant zombie (D:7)
  2 vampire mosquitoes
  A steam dragon (D:9)
  2 wyverns
  A hill giant skeleton (D:14)
  The ghost of Herrn the Skirmisher, an average DjFi (D:4)
  35 yaks
  Sonja (D:10)
  3 necrophages
  A manticore (D:14)
  A hungry ghost (D:13)
  An elephant slug (Lair:7)
  A mottled dragon (D:13)
  A yellow wasp (D:14)
  5 ice beasts
  3 ogres
  8 orc warriors
  29 wolves
  3 giant goldfish (Lair:6)
  The ghost of Herrn the Skirmisher, an average DjFi (D:3)
  5 sky beasts
  24 centaurs
  8 porcupines
  A phantom (D:8)
  A boring beetle (Lair:8)
  10 crocodiles
  7 hippogriffs
  3 big kobolds
  14 black bears
  10 water moccasins
  Blork the orc (D:5)
  9 giant slugs
  A troll zombie (D:12)
  5 agate snails
  An eye of draining (D:9)
  6 jellyfish (Lair:6)
  A yak zombie (D:14)
  10 killer bees
  17 giant frogs
  A quasit (D:7)
  14 wights
  A yak skeleton (D:10)
  A giant frog zombie (D:12)
  2 centaur skeletons
  9 crimson imps
  9 orc priests
  A scorpion (Lair:3)
  15 hounds
  3 goliath beetles
  13 iguanas
  4 jellies
  13 orc wizards
  A giant frog skeleton (D:4)
  3 big fish (Lair:6)
  20 sheep
  6 worker ants
  A sky beast zombie (D:6)
  A mottled dragon zombie (D:11)
  2 ogre skeletons
  2 hound zombies
  A big kobold skeleton (D:11)
  A hound skeleton (D:7)
  A mummy (D:12)
  3 gnolls (D:5)
  19 adders
  3 giant centipedes
  57 green rats
  An orc zombie (D:11)
  An inept item mimic (D:4)
  3 giant mites
  14 white imps
  7 worms
  A scorpion zombie (D:8)
  2 giant eyeballs
  9 giant geckos
  An ooze (D:4)
  58 orcs
  A ball python (D:1)
  20 bats
  12 goblins
  16 hobgoblins
  25 jackals
  17 quokkas
  4 giant cockroaches
  A giant gecko skeleton (D:8)
  3 giant newts
  A hobgoblin zombie (D:6)
  21 kobolds
  An orc skeleton (D:7)
  26 rats
  15 ballistomycetes
  2 fungi
  8 plants
839 creatures vanquished.

Vanquished Creatures (collateral kills)
  6 hydras
  A centaur warrior (D:13)
  3 skeletal warriors (D:13)
  A hill giant (D:15)
  A wandering mushroom (Lair:6)
  A komodo dragon (Lair:7)
  2 blink frogs
  A crocodile (D:13)
  2 centaurs (D:13)
  A water moccasin (Lair:7)
  A brain worm (D:15)
  2 kobolds (D:15)
22 creatures vanquished.

Vanquished Creatures (others)
  A troll (D:15)
  A two-headed ogre (D:13)
  3 ogres (D:13)
  A killer bee (D:9)
  An orc priest (D:9)
  An orc (D:9)
  3 giant spores
  A kobold (D:15)
  A ballistomycete (D:9)
  A fungus (Lair:8)
  2 plants
16 creatures vanquished.

Grand Total: 877 creatures vanquished

Notes
Turn   | Place    | Note
--------------------------------------------------------------
     0 | D:1      | Honkfish, the Minotaur Berserker, began the quest for the Orb.
     0 | D:1      | Reached XP level 1. HP: 19/19 MP: 1/1
   103 | D:1      | Reached skill level 4 in Axes
   108 | D:1      | Reached XP level 2. HP: 17/27 MP: 1/1
   576 | D:1      | Acquired Trog's second power
  1042 | D:2      | Reached XP level 3. HP: 28/33 MP: 2/2
  1220 | D:2      | Reached skill level 1 in Stealth
  1382 | D:2      | Found a shimmering altar of Xom.
  1389 | D:2      | Reached skill level 5 in Axes
  1422 | D:2      | Reached XP level 4. HP: 36/41 MP: 2/2
  1985 | D:3      | Noticed Herrn's ghost (average DjFi)
  1994 | D:3      | Killed Herrn's ghost
  1994 | D:3      | Reached skill level 6 in Axes
  1994 | D:3      | Reached XP level 5. HP: 44/47 MP: 2/2
  2497 | D:3      | Found an ancient bone altar of Kikubaaqudgha.
  2857 | D:4      | Noticed Herrn's ghost (average DjFi)
  2866 | D:4      | Killed Herrn's ghost
  2866 | D:4      | Reached skill level 5 in Fighting
  2866 | D:4      | Reached skill level 7 in Axes
  2866 | D:4      | Reached XP level 6. HP: 56/56 MP: 3/3
  3105 | D:4      | Noticed Eustachio
  3123 | D:4      | Killed Eustachio
  3123 | D:4      | Reached skill level 8 in Axes
  3123 | D:4      | Reached XP level 7. HP: 61/61 MP: 3/3
  3253 | D:4      | Found an iron altar of Okawaru.
  3310 | D:4      | Found Fimpon's Magical Wand Boutique.
  3530 | D:4      | Found a staircase to the Ecumenical Temple.
  3688 | D:5      | Entered Level 5 of the Dungeon
  3726 | D:5      | Reached skill level 9 in Axes
  3806 | D:5      | Acquired Trog's third power
  3976 | D:5      | Noticed Blork the orc
  3995 | D:5      | Killed Blork the orc
  4333 | D:5      | Reached skill level 10 in Axes
  4478 | D:5      | Reached XP level 8. HP: 71/71 MP: 3/3
  4883 | D:6      | Found a radiant altar of Vehumet.
  4968 | D:6      | Reached skill level 11 in Axes
  5419 | D:7      | Reached skill level 12 in Axes
  5622 | D:7      | Noticed a spriggan baker
  5624 | D:7      | Killed a spriggan baker
  5624 | D:7      | Reached XP level 9. HP: 81/81 MP: 4/4
  5737 | D:7      | Found Loabb's General Store.
  5744 | D:7      | Bought a scroll of identify for 32 gold pieces
  5744 | D:7      | Bought a bread ration for 64 gold pieces
  5993 | D:8      | Noticed Erolcha
  6007 | D:8      | Killed Erolcha
  6007 | D:8      | Reached skill level 13 in Axes
  6412 | D:8      | Paralysed by a giant eyeball for 3 turns
  6440 | D:8      | Killed an unseen horror
  6742 | D:8      | Reached skill level 14 in Axes
  7358 | D:9      | Reached XP level 10. HP: 89/91 MP: 5/5
  7602 | D:9      | Reached skill level 15 in Axes
  7917 | D:9      | Received a gift from Trog
  8236 | D:10     | Entered Level 10 of the Dungeon
  8272 | D:10     | Noticed a hill giant
  8281 | D:10     | Killed a hill giant
  8281 | D:10     | Reached skill level 16 in Axes
  8359 | D:10     | Found a staircase to the Lair.
  8639 | D:10     | Noticed Psyche
  8652 | D:10     | Killed Psyche
  8929 | D:10     | Reached XP level 11. HP: 95/99 MP: 5/5
  9028 | D:10     | Noticed Sonja
  9046 | D:10     | Killed Sonja
  9046 | D:10     | Reached skill level 17 in Axes
  9398 | D:10     | You fall through a shaft for 2 floors!
  9623 | D:11     | Reached skill level 10 in Fighting
  9737 | D:11     | Found a staircase to the Orcish Mines.
  9747 | D:11     | Received a gift from Trog
 10422 | D:11     | Noticed a hill giant
 10429 | D:11     | Killed a hill giant
 10461 | D:11     | Found a frozen archway.
 10792 | D:12     | Noticed a hill giant
 10800 | D:12     | Killed a hill giant
 10906 | D:12     | Reached skill level 18 in Axes
 11282 | D:12     | Noticed a six-headed hydra
 11291 | D:12     | Killed a six-headed hydra
 11880 | D:13     | Found Vofrogul's Gadget Shoppe.
 11889 | D:13     | Noticed a centaur warrior
 11918 | D:13     | HP: 3/101 [centaur warrior/arrow (13)]
 11920 | D:13     | Killed a centaur warrior
 11920 | D:13     | Reached skill level 19 in Axes
 12361 | D:13     | Noticed a hill giant
 12371 | D:13     | Killed a hill giant
 12375 | D:13     | Reached XP level 12. HP: 82/108 MP: 6/6
 12489 | D:13     | Noticed a centaur warrior
 12497 | D:13     | HP: 4/110 [centaur warrior (4)]
 12499 | D:13     | Killed a centaur warrior
 13031 | D:13     | Noticed a hill giant
 13043 | D:13     | Killed a hill giant
 13257 | D:14     | Reached skill level 20 in Axes
 13263 | D:14     | Got a jewelled ring mail
 14717 | D:14     | Found a gate to the Vaults.
 14901 | D:14     | Reached skill level 21 in Axes
 15194 | D:14     | Gained mutation: You can spit poison. [potion of beneficial mutation]
 15195 | D:14     | Gained mutation: You are robust (+10% HP). [potion of beneficial mutation]
 15397 | Lair:1   | Entered Level 1 of the Lair of Beasts
 15426 | Lair:1   | Identified the +1 ring mail "Wuuv" {rC++ Acc+6 Stlth++} (You found it on level 14 of the Dungeon)
 15928 | Lair:1   | Reached XP level 13. HP: 115/129 MP: 6/6
 16420 | Lair:2   | Found a dark tunnel.
 16465 | Lair:2   | Got a heavily runed plate armour
 16475 | Lair:2   | Identified the cursed -4 plate armour "Blaumeusmu" {+Fly rPois} (You found it on level 2 of the Lair of Beasts)
 16728 | Lair:2   | Identified a scroll of acquirement
 17447 | Lair:3   | Found a staircase to the Swamp.
 17449 | Lair:3   | Found a snail-covered altar of Cheibriados.
 17457 | Lair:3   | Received a gift from Trog
 17458 | Lair:3   | Got a brightly glowing battleaxe {god gift}
 17459 | Lair:3   | Identified the +5,+9 battleaxe of Gedeisuak {drain, Contam rF++} (Trog gifted it to you on level 3 of the Lair of Beasts)
 19292 | Lair:5   | Found a hole to the Spider Nest.
 19305 | Lair:5   | Received a gift from Trog
 19306 | Lair:5   | Got a bone quick blade {god gift}
 19548 | Lair:5   | Reached skill level 22 in Axes
 20038 | Lair:6   | Paralysed by a potion of paralysis for 6 turns
 20069 | Lair:6   | Lost mutation: You are robust (+10% HP). [potion of cure mutation]
 20069 | Lair:6   | Lost mutation: You can spit poison. [potion of cure mutation]
 20143 | Lair:6   | Received a gift from Trog
 21085 | Lair:7   | Found a viscous altar of Jiyva.
 21553 | Lair:7   | Found a staircase to the Slime Pits.
 21948 | Lair:8   | Entered Level 8 of the Lair of Beasts
 22097 | Lair:8   | Received a gift from Trog
 22115 | Lair:8   | Reached skill level 23 in Axes
 22346 | Lair:8   | Reached XP level 14. HP: 129/129 MP: 6/6
 22911 | Lair:8   | Received a gift from Trog
 23766 | Lair:7   | Reached skill level 24 in Axes
 23934 | D:10     | Identified the -2,+3 quick blade "Satoif" {venom, rF+ rC+} (Trog gifted it to you on level 5 of the Lair of Beasts)
 24048 | D:15     | Entered Level 15 of the Dungeon
 24137 | D:15     | Noticed Maud
 24155 | D:15     | Killed Maud
 24340 | D:15     | Found Xuini's Weapon Shop.
 25246 | D:16     | Entered Level 16 of the Dungeon
 25263 | D:16     | Received a gift from Trog
 26133 | D:16     | HP: 2/129 [centaur warrior/arrow (22)]
 26133 | D:16     | Slain by a kobold

Action                   |  1- 3 |  4- 6 |  7- 9 | 10-12 | 13-15 || total
-------------------------+-------+-------+-------+-------+-------++-------
Melee: Hand axe          |    71 |    74 |    40 |       |       ||   185
       War axe           |       |       |   249 |   608 |    88 ||   945
       Battleaxe         |       |       |       |       |   506 ||   506
Invok: Berserk           |       |     3 |     9 |    14 |     8 ||    34
       Trog's Hand       |       |     1 |     4 |    16 |     8 ||    29
       Burn Spellbooks   |       |       |     1 |     3 |     3 ||     7
       Brothers in Arms  |       |       |       |     7 |     8 ||    15
Evoke: Wand              |       |     1 |     2 |     6 |     2 ||    11
  Use: Scroll            |     6 |     6 |    17 |    19 |    12 ||    60
       Potion            |     4 |       |     3 |    11 |     9 ||    27
 Stab: Sleeping          |       |     2 |       |     3 |    15 ||    20
       Distracted        |       |       |       |       |     1 ||     1
       Fleeing           |       |       |       |       |     1 ||     1
